 Dungeon Crawl Stone Soup version 0.22-a0-109-gbeb7240 (webtiles) character file.

45 Gildeon the Chopper (level 3, -1/31 HPs)
             Began as a Minotaur Fighter on Jan 26, 2018.
             Slain by a hobgoblin
             ... wielding a +0 club
             ... led by Robin
              (6 damage)
             ... on level 1 of the Dungeon.
             The game lasted 00:05:15 (913 turns).

Gildeon the Chopper (Minotaur Fighter)               Turns: 913, Time: 00:05:16

Health: -1/31      AC:  8    Str: 20    XL:     3   Next: 42%
Magic:  2/2        EV:  7    Int:  5    God:
Gold:   51         SH:  9    Dex: 10    Spells: 2/2 levels left

rFire    . . .     SeeInvis .   a - +0 war axe
rCold    . . .     Gourm    .   c - +0 shield
rNeg     . . .     Faith    .   b - +0 scale mail
rPois    .         Spirit   .   (helmet restricted)
rElec    .         Reflect  .   (no cloak)
rCorr    .         Harm     .   h - +0 pair of gloves
MR       .....                  (no boots)
Stlth    ..........             e - amulet of rage
HPRegen  0.10/turn              (no ring)
MPRegen  0.08/turn              (no ring)

@: lethally poisoned (-1 -> -7)
A: retaliatory headbutt, horns 2
a: Evoke Berserk Rage


You were on level 1 of the Dungeon.
You were not hungry.

You visited 1 branch of the dungeon, and saw 2 of its levels.

You collected 51 gold pieces.

Inventory:

Hand Weapons
 a - a +0 war axe (weapon)
Armour
 b - a +0 scale mail (worn)
 c - a +0 shield (worn)
 h - a +0 pair of gloves (worn)
Jewellery
 e - an amulet of rage (around neck)
 i - an uncursed ring of magical power {unknown}
Potions
 d - a potion of might
 g - a potion of haste
Comestibles
 f - a ration


   Skills:
 - Level 3.6 Fighting
 + Level 4.7 Axes
 - Level 3.6 Armour
 - Level 3.6 Shields


You had 2 spell levels left.
You didn't know any spells.

Dungeon Overview and Level Annotations

Branches:
Dungeon (2/15)

Altars:


Innate Abilities, Weirdness & Mutations

You reflexively headbutt those who attack you in melee.
You have a pair of horns on your head.


Message History

You feel sick. The hobgoblin closely misses you. You block the goblin's attack.
The hobgoblin hits you with a club.
* * * LOW HITPOINT WARNING * * *
The hobgoblin barely misses you. You furiously retaliate!
You headbutt the hobgoblin!
You kill the hobgoblin!
Okay, then.
You slash the goblin!
You kill the goblin!
You hit the hobgoblin.
* * * LOW HITPOINT WARNING * * *
You feel sick.
The hobgoblin hits you but does no damage.
* * * LOW HITPOINT WARNING * * *
You feel sick.
You closely miss the hobgoblin. Your headbutt misses the hobgoblin.
The hobgoblin is severely wounded.
* * * LOW HITPOINT WARNING * * *
You feel sick. The hobgoblin hits you with a club.
You die...

#############
#........@g)#
##.#########.#
#######...##### #.#
#.......#.....# #.#
..#####...###.# #.# ###
##.## #.####.############
###### #.#
##)##..............###
##...#
#.###.....#.########......
##...###......####.#
#........


You could see a hobgoblin.

Vanquished Creatures
  Robin (D:2)
  2 leopard geckos (D:1)
  3 giant cockroaches
  4 hobgoblins
  A jackal (D:2)
  A quokka (D:2)
  2 ball pythons
  A bat (D:1)
  A frilled lizard (D:1)
  7 goblins
  5 kobolds
  4 rats
32 creatures vanquished.

Notes
Turn   | Place    | Note
-------+----------+-------------------------------------------
     0 | D:1      | Gildeon the Minotaur Fighter began the quest for the Orb.
     0 | D:1      | Reached XP level 1. HP: 19/19 MP: 0/0
    63 | D:1      | Reached skill level 3 in Axes
   111 | D:1      | Reached XP level 2. HP: 24/26 MP: 1/1
   655 | D:2      | Reached skill level 4 in Axes
   684 | D:2      | Noticed Robin
   696 | D:1      | Reached XP level 3. HP: 10/31 MP: 2/2
   906 | D:2      | Killed Robin
   913 | D:1      | Slain by a hobgoblin

Vault maps used:
D:1:      dpeg_arrival_radiant
D:2:      first_ration, hangedman_feature_mirror, minmay_snake_closets,
          uniq_robin

Skill      XL: |  1  2 |
---------------+-------+-----
Axes           | 3 4 |  4.7
Fighting       | |  3.6
Armour         | |  3.6
Shields        | |  3.6

Action                   || total
-------------------------++-------
Melee: War axe           ||    46
       Headbutt          ||     4
  Use: Scroll            ||     3
Armor: Scale mail        ||    18
Dodge: Dodged            ||    16
Block: Shield            ||    23

Table legend:
 A = Spawn XP
 B = Non-spawn XP
 C = Spawn XP percentage of total XP
 D = Spawn monster count
 E = Non-spawn monster count
 F = Spawn count percentage of total count
 G = Total turns spent on level
                    A         B        C        D         E        F      G
               +---------+---------+-------+---------+---------+-------+---------
         Total |       0 |      65 |   0.0 |       0 |      32 |   0.0 |   913
               +---------+---------+-------+---------+---------+-------+---------
           D:1 |       0 |      34 |   0.0 |       0 |      21 |   0.0 |   861
           D:2 |       0 |      31 |   0.0 |       0 |      11 |   0.0 |    52
               +---------+---------+-------+---------+---------+-------+---------
